 Dungeon Crawl Stone Soup version 0.17.1-1-g73c8601 (webtiles) character file.

414 Implojin the Ruffian (level 6, 0/59 HPs)
             Began as a Troll Fighter on Mar 31, 2016.
             Was an Initiate of Cheibriados.
             Slain by a wight
             ... wielding a +1 halberd
              (6 damage)
             ... on level 8 of the Dungeon.
             The game lasted 00:05:26 (1147 turns).

Implojin the Ruffian (Troll Fighter)                Turns: 1147, Time: 00:05:26

Health: 0/59       AC:  5    Str: 26    XL:     6   Next: 60%
Magic:  5/5        EV:  2    Int:  5    God:    Cheibriados [......]
Gold:   75         SH:  8    Dex: 12    Spells: 0 memorised, 5 levels left

rFire  . . .     SeeInvis .       - Unarmed
rCold  . . .     Clarity  .     a - +0 robe
rNeg   . . .     SustAt   .     b - +0 shield
rPois  .         Gourm    +     (helmet restricted)
rElec  .         Spirit   .     (no cloak)
rCorr  .         Warding  .     (gloves unavailable)
rMut   .         Stasis   .     (boots unavailable)
MR     +....                    (no amulet)
Stlth  +.........               (no ring)
                                h - ring of protection from magic

@: drained, very slow, somewhat resistant to hostile enchantments, very
unstealthy
A: unfitting armour, claws 3, fast metabolism 3, gourmand, regeneration 2,
shaggy fur 1, tough skin 2
a: Bend Time, Renounce Religion


You were on level 8 of the Dungeon.
You worshipped Cheibriados.
Cheibriados was noncommittal.
You were full.

You visited 1 branch of the dungeon, and saw 8 of its levels.

You collected 75 gold pieces.

Inventory:

Armour
 a - a +0 robe (worn)
 b - a +0 shield (worn)
Jewellery
 h - a ring of protection from magic (left claw)
Scrolls
 i - a scroll of recharging
Potions
 c - 2 potions of might
 f - a potion of heal wounds
 g - a potion of flight
 o - a potion of invisibility {unknown}
 r - a potion of lignification {unknown}
Books
 p - a book of Hinderance

   Spells                             Type                      Level
   a - Confusing Touch                Hexes                        2
   b - Confuse                        Hexes                        3
   c - Gell's Gravitas                Hexes/Translocation          3
   d - Petrify                        Transmutation/Earth          4
   e - Metabolic Englaciation         Hexes/Ice                    5
Comestibles
 d - 2 bread rations
 l - a slice of pizza
 n - a meat ration


   Skills:
 - Level 2.4(1.4) Fighting
 - Level 2.4(1.4) Dodging
 - Level 2.4(1.4) Shields
 * Level 7.2(6.0) Unarmed Combat


You had 5 spell levels left.
You didn't know any spells.

Dungeon Overview and Level Annotations

Branches:
Dungeon (8/15)
 Temple: D:4-7         Lair: D:8-11

Altars:
Cheibriados
Dithmenos
Qazlal
Vehumet

Shops:
D:8 %

Annotations:
D:7 Implojin's ghost, amateur TrFi


Innate Abilities, Weirdness & Mutations

You are too large for most types of armour.
You have claws for hands.
Your metabolism is lightning-fast.
You like to eat raw meat.
You heal very quickly.
You are covered in fur (AC +1).
You have very tough skin (AC +2).


Message History

You scratch the crimson imp but do no damage.
You block the crimson imp's attack.
You closely miss the crimson imp. You block the crimson imp's attack.
Your shield prevents you from hitting the crimson imp.
The crimson imp summons a swarm of flies.
You block the crimson imp's attack.
You claw the crimson imp!
The crimson imp is severely wounded.
You block the crimson imp's attack.
You scratch the crimson imp.
You kill the crimson imp!
Cheibriados thoroughly appreciates the change of pace.
Found Ihayps's Food Emporium.
There is an entrance to Ihayps's Food Emporium here.
All of the chunks of flesh in your inventory have rotted away.
Found a stone staircase leading down.
A centaur and 3 wights come into view.
The wight barely misses you.
A wight comes into view. It is wielding a great sword.
You block the wight's attack.
The wight hits you from afar with an enchanted halberd.
The centaur shouts!
The centaur wields a shortbow.
The centaur shoots an arrow.
The arrow hits you. The wight barely misses you.
The wight hits you from afar with an enchanted halberd!
You feel drained.
The centaur shoots an arrow.
The arrow hits you!
* * * LOW HITPOINT WARNING * * *
There is a stone staircase leading down, spattered with blood here.
You see here 2 arrows.
The wight hits you with a hand axe!
* * * LOW HITPOINT WARNING * * *
You feel drained.
* * * LOW HITPOINT WARNING * * *
The wight completely misses you.
The centaur shoots an arrow.
The arrow hits you.
* * * LOW HITPOINT WARNING * * *
The wight hits you from afar with an enchanted halberd!
* * * LOW HITPOINT WARNING * * *
You feel drained.
You die...

..#..# .#..#
....# #...#
#.z.# #.
#.z.####.. ###
#.####zz.......
..#
#.#....@.....#
#.#
#.#.###......#
#.# #.#.#
#.....c## #.#
#.#.# #######..
#.# #.#.######
. #.#
#........# #.#
##.#####.#
..##### #.#
......#####.#


You could see a centaur and 4 wights.

Vanquished Creatures
  An ogre (D:4)
  A giant frog (D:6)
  The ghost of Implojin the Ruffian, a weakling TrFi (D:5)
  A crimson imp (D:8)
  A hound (D:4)
  An orc priest (D:8)
  A worker ant (D:5)
  An orc wizard (D:8)
  3 adders
  A worm (D:3)
  7 orcs
  2 hobgoblins
  2 jackals (D:8)
  A kobold (D:1)
  A quokka (D:5)
  3 giant cockroaches
  A giant gecko (D:5)
  2 giant newts (D:1)
  A rat (D:2)
32 creatures vanquished.

Notes
Turn   | Place    | Note
--------------------------------------------------------------
     0 | D:1      | Implojin the Troll Fighter began the quest for the Orb.
     0 | D:1      | Reached XP level 1. HP: 22/22 MP: 0/0
   176 | D:2      | Reached skill level 3 in Unarmed Combat
   176 | D:2      | Reached XP level 2. HP: 29/29 MP: 1/1
   232 | D:4      | Noticed an ogre
   269 | D:4      | Killed an ogre
   269 | D:4      | Reached skill level 4 in Unarmed Combat
   269 | D:4      | Reached XP level 3. HP: 29/36 MP: 2/2
   269 | D:4      | Reached XP level 4. HP: 35/44 MP: 3/3
   349 | D:4      | Reached skill level 5 in Unarmed Combat
   402 | D:4      | Reached XP level 5. HP: 26/50 MP: 4/4
   545 | D:5      | Entered Level 5 of the Dungeon
   549 | D:5      | Noticed Implojin's ghost (weakling TrFi)
   576 | D:5      | Killed Implojin's ghost
   628 | D:5      | Reached skill level 6 in Unarmed Combat
   897 | D:6      | Reached XP level 6. HP: 25/59 MP: 5/5
   939 | D:6      | Found a radiant altar of Vehumet.
   939 | D:6      | Found a stormy altar of Qazlal.
   939 | D:6      | Found a shadowy altar of Dithmenos.
   939 | D:6      | Found a snail-covered altar of Cheibriados.
   947 | D:6      | Became a worshipper of Cheibriados the Contemplative
   981 | D:7      | Noticed Implojin's ghost (amateur TrFi)
  1017 | D:8      | Reached skill level 7 in Unarmed Combat
  1097 | D:8      | Found Ihayps's Food Emporium.
  1147 | D:8      | Slain by a wight

Action                   |  1- 3 |  4- 6 || total
-------------------------+-------+-------++-------
Melee: Unarmed           |    41 |   105 ||   146
  Use: Scroll            |       |     7 ||     7
 Stab: Sleeping          |     1 |       ||     1
  Eat: Chunk             |     2 |    11 ||    13

Table legend:
 A = Turns spent in this place as a percentage of turns spent in the entire game.
 B = Non-inter-level travel turns spent in this place as a percentage of non-inter-level travel turns spent in the entire game.
 C = Inter-level travel turns spent in this place as a percentage of turns spent in this place.
 D = Turns resting spent in this place as a percentage of non-inter-level travel turns spent in this place.
 E = Turns spent auto-exploring this place as a percentage of non-inter-level travel turns spent in this place.
 F = Non-inter-level travel turns spent in this place divided by the number of levels of this place that you've seen.
                   A       B       C       D       E      F
               +-------+-------+-------+-------+-------+----------------------
         Total | 100.0 | 100.0 |   0.0 |   0.0 |   0.0 | 139.9
       Dungeon | 100.0 | 100.0 |   0.0 |   0.0 |   0.0 | 139.9
               +-------+-------+-------+-------+-------+----------------------

Table legend:
 A = Kills in this place as a percentage of kills in entire the game.
 B = Kills by you in this place as a percentage of kills by you in the entire game.
 C = Kills by friends in this place as a percentage of kills by friends in the entire game.
 D = Other kills in this place as a percentage of other kills in the entire game.
 E = Experience gained in this place as a percentage of experience gained in the entire game.
 F = Experience gained in this place divided by the number of levels of this place that you have seen.
                   A       B       C       D       E      F
               +-------+-------+-------+-------+-------+----------------------
         Total | 100.0 | 100.0 |  -nan |  -nan | 100.0 |  74.0
       Dungeon | 100.0 | 100.0 |  -nan |  -nan | 100.0 |  74.0
               +-------+-------+-------+-------+-------+----------------------
